 Dungeon Crawl Stone Soup version 0.19-a0-1682-g5114f93 (webtiles) character file.

326 Saways the Slasher (level 6, -5/48 HPs)
             Began as a Human Fighter on Sept 24, 2016.
             Killed by nerve-wracking pain
             ... invoked by an orc priest
              (10 damage)
             ... on level 4 of the Dungeon.
             The game lasted 00:04:45 (3216 turns).

Saways the Slasher (Human Fighter)                  Turns: 3216, Time: 00:04:46

Health: -5/48      AC: 13    Str: 20    XL:     6   Next: 79%
Magic:  6/6        EV:  8    Int:  8    God:
Gold:   144        SH:  0    Dex: 13    Spells: 0 memorised, 5 levels left

rFire  + . .     SeeInvis .     a - +0 long sword
rCold  + . .     Gourm    .     d - +0 chain mail (curse)
rNeg   . . .     Faith    .     (no shield)
rPois  +         Spirit   .     n - +0 hat
rElec  +         Dismiss  .     (no cloak)
rCorr  +         Reflect  .     j - +2 pair of gloves
MR     .....     Harm     .     (no boots)
Stlth  ..........               (no amulet)
                                p - ring of resist corrosion
                                g - +2 ring of strength

@: resistant
A: no striking features
a: no special abilities


You were on level 4 of the Dungeon.
You were not hungry.

You visited 1 branch of the dungeon, and saw 4 of its levels.

You collected 144 gold pieces.

Inventory:

Hand Weapons
 a - a +0 long sword (weapon)
Armour
 b - a +0 scale mail
 c - a +0 shield
 d - a cursed +0 chain mail (worn)
 j - a +2 pair of gloves (worn)
 n - a +0 hat (worn)
Jewellery
 g - a +2 ring of strength (left hand)
 p - a ring of resist corrosion (right hand)
 w - an uncursed ring of magical power {unknown}
Scrolls
 e - 3 scrolls of amnesia
 h - 2 scrolls of teleportation {unknown}
 i - a scroll of immolation {unknown}
 k - 2 scrolls of remove curse {unknown}
 l - a scroll of magic mapping
 m - 2 scrolls of recharging {unknown}
 s - a scroll of fear {unknown}
 t - a scroll of random uselessness {unknown}
 x - a scroll of identify {unknown}
 y - 3 scrolls of enchant armour {unknown}
Potions
 q - a potion of brilliance {unknown}
 u - a potion of flight {unknown}
 z - a potion of agility {unknown}
 A - a potion of lignification {unknown}
Comestibles
 f - 2 bread rations
 o - a slice of pizza
 r - a meat ration


   Skills:
 + Level 4.1 Fighting
 * Level 5.2 Long Blades
 + Level 3.9 Armour
 + Level 1.1 Dodging
 - Level 3.0 Shields


You had 5 spell levels left.
You didn't know any spells.

Dungeon Overview and Level Annotations

Branches:
Dungeon (4/15)
 Temple: D:4-7

Altars:
Dithmenos
Elyvilon
Sif Muna
Trog
Vehumet
Zin
The Shining One


Message History

The orc priest hits you but does no damage.
You hit the orc priest but do no damage.
The orc priest is severely wounded.
The orc priest calls down the wrath of Beogh upon you.
Pain shoots through your body!
* * * LOW HITPOINT WARNING * * *
The orc barely misses you.
You riposte.
You hit the orc.
The orc is lightly wounded.
You closely miss the orc priest.
The orc priest is severely wounded.
The orc priest calls down the wrath of Beogh upon you.
Beogh smites you!
* * * LOW HITPOINT WARNING * * *
The orc hits you but does no damage.
You hear a shout!
It was a potion of resistance.
You feel protected.
The orc priest calls down the wrath of Beogh upon you.
Pain shoots through your body!
You die...

. #.........
..#####..)......
....<...<.......
........##..####
.o####...#..#
##o!...# #Z#...#
#o#.#.# #@#.....
#o# .?... #o.
..### #..# .#
.... #.... #..##
#.##


You could see an orc priest, 3 orcs and an adder skeleton.

Vanquished Creatures
  A phantom (D:3)
  A scorpion (D:3)
  A hound (D:4)
  An orc wizard (D:4)
  3 adders
  A worm (D:2)
  4 leopard geckos
  An orc (D:3)
  3 ball pythons
  9 bats
  5 giant cockroaches
  9 goblins
  12 hobgoblins
  12 jackals
  2 quokkas
  3 frilled lizards
  11 kobolds
  6 rats
85 creatures vanquished.

Notes
Turn   | Place    | Note
-------+----------+-------------------------------------------
     0 | D:1      | Saways the Human Fighter began the quest for the Orb.
     0 | D:1      | Reached XP level 1. HP: 18/18 MP: 1/1
     9 | D:1      | Noticed an electric eel
   214 | D:1      | Reached XP level 2. HP: 20/24 MP: 2/2
   483 | D:1      | Reached XP level 3. HP: 26/29 MP: 3/3
  1085 | D:2      | Found a shadowy altar of Dithmenos.
  1243 | D:2      | Found a bloodstained altar of Trog.
  1269 | D:2      | Reached skill level 3 in Long Blades
  1287 | D:2      | Reached XP level 4. HP: 35/35 MP: 4/4
  1648 | D:2      | Found a deep blue altar of Sif Muna.
  2108 | D:2      | Found a white marble altar of Elyvilon.
  2108 | D:2      | Found a glowing golden altar of the Shining One.
  2108 | D:2      | Found a glowing silver altar of Zin.
  2202 | D:3      | Reached XP level 5. HP: 42/42 MP: 5/5
  2734 | D:3      | Noticed a phantom
  2745 | D:3      | Reached skill level 4 in Long Blades
  2757 | D:3      | Killed a phantom
  2757 | D:3      | Reached skill level 1 in Dodging
  2757 | D:3      | Reached XP level 6. HP: 9/48 MP: 6/6
  3069 | D:3      | Found a radiant altar of Vehumet.
  3209 | D:4      | Reached skill level 5 in Long Blades
  3216 | D:4      | Killed from afar by an orc priest

Vault maps used:
D:1:      arrival_aquarium_a
D:2:      good_gods_mini_temple, led_sif_pool, grunt_dithmenos_smoke, trog_book
D:3:      lemuel_coloured_pillars_altar

Skill      XL: |  1  2  3  4  5  6 |
---------------+-------------------+-----
Long Blades    | 3 4 5 |  5.2
Fighting       | 4 |  4.1
Dodging        | 1 |  1.1
Armour         | |  3.9
Shields        | |  3.0

Action                   |  1- 3 |  4- 6 || total
-------------------------+-------+-------++-------
Melee: Long sword        |   167 |   169 ||   336
  Use: Scroll            |       |     2 ||     2
       Potion            |       |     2 ||     2
  Eat: Chunk             |     1 |     5 ||     6
       Bread ration      |       |     1 ||     1
Armor: Scale mail        |    99 |    79 ||   178
       Chain mail        |       |    19 ||    19
Dodge: Dodged            |    78 |    99 ||   177
